 Dungeon Crawl Stone Soup version 0.21.1-1-g345015fe64 (webtiles) character file.

1229 DildoBatman the Stinger (level 8, -5/60 HPs)
             Began as a Formicid Wizard on May 1, 2018.
             Was a Believer of Sif Muna.
             Slain by a killer bee (9 damage)
             ... on level 7 of the Dungeon.
             The game lasted 00:27:58 (5522 turns).

DildoBatman the Stinger (Formicid Wizard)           Turns: 5522, Time: 00:27:59

Health: -5/60      AC:  5    Str: 16    XL:     8   Next: 77%
Magic:  14/14      EV: 11    Int: 20    God:    Sif Muna [**....]
Gold:   276        SH:  0    Dex:  9    Spells: 7/15 levels left

rFire    + . .     SeeInvis +   a - +4 rapier "Ehaof" {freeze, *Contam +Rage rElec MR+}
rCold    + . .     Gourm    .   (no shield)
rNeg     . . .     Faith    .   F - +0 leather armour {rC+}
rPois    .         Spirit   .   (helmet unavailable)
rElec    +         Reflect  .   (no cloak)
rCorr    .         Harm     .   H - +0 pair of gloves
MR       +....                  u - +0 pair of boots
Stlth    ++........             (no amulet)
HPRegen  0.20/turn              x - +4 ring of strength
MPRegen  0.14/turn              A - ring of protection from fire

@: lethally poisoned (-5 -> -18), drained
A: permanent stasis, dig shafts and tunnels, four strong arms, antennae 3
a: Dig, Shaft Self, Divine Energy, Renounce Religion


You were on level 7 of the Dungeon.
You worshipped Sif Muna.
Sif Muna was pleased with you.
You were not hungry.

You visited 1 branch of the dungeon, and saw 7 of its levels.
You also visited: Sewer.

You collected 276 gold pieces.

Inventory:

Hand Weapons
 a - the +4 rapier "Ehaof" (weapon) {freeze, *Contam +Rage rElec MR+}
   (You found it on level 5 of the Dungeon)

   It has been specially enchanted to freeze those struck by it, causing extra
   injury to most foes and up to half again as much damage against particularly
   susceptible opponents.
   It can also slow down cold-blooded creatures.
   It insulates you from electricity.
   It affects your resistance to hostile enchantments.
   It lets you go berserk.
   It causes magical contamination when unequipped.
 b - a +2 short sword of draining
 c - a +0 hunting sling
Missiles
 g - 133 stones
 h - 144 arrows
 n - 45 sling bullets
 y - 2 exploding tomahawks (quivered)
 C - 51 bolts
Armour
 f - a +4 chain mail
 u - a +0 pair of boots (worn)
 F - a +0 leather armour of cold resistance (worn)
 H - a +0 pair of gloves (worn)
Magical Staves
 i - an uncursed staff of conjuration
Jewellery
 x - a +4 ring of strength (left hand)
 A - a ring of protection from fire (right hand)
 D - the amulet of the Median {Harm *Drain rF++ Str+4 Slay-3}
   (You found it on level 5 of the Dungeon)

   [amulet of harm]

   It increases damage dealt and taken.
   It affects your strength (+4).
   It affects your accuracy and damage with ranged weapons and melee attacks
   (-3).
   It greatly protects you from fire.
   It causes draining when unequipped.
Wands
 o - a wand of enslavement (15)
Scrolls
 d - 2 scrolls of fog {unknown}
 j - a scroll of amnesia {unknown}
 k - 6 scrolls of remove curse {unknown}
 q - a scroll of magic mapping {unknown}
 s - 3 scrolls of blinking {unknown}
 t - 5 scrolls of teleportation {unknown}
 z - 10 scrolls of identify
 I - a scroll of fear {unknown}
Potions
 e - a potion of berserk rage {unknown}
 l - 3 potions of flight
 p - a potion of might {unknown}
 r - a potion of magic {unknown}
 w - 4 potions of curing
 B - a potion of heal wounds
 E - a potion of mutation {unknown}
Books
 m - a book of Minor Magic

   Spells                             Type                      Level
   a - Magic Dart                     Conjuration                  1
   b - Blink                          Translocation                2
   c - Call Imp                       Summoning                    2
   d - Slow                           Hexes                        2
   e - Conjure Flame                  Conjuration/Fire             3
   f - Mephitic Cloud                 Conjuration/Poison/Air       3
Comestibles
 v - 14 rations


   Skills:
 - Level 4.0(3.2) Fighting
 - Level 3.0(2.3) Armour
 - Level 2.0(1.2) Dodging
 - Level 4.1(3.3) Stealth
 * Level 4.1(3.3) Spellcasting
 * Level 3.1(2.3) Conjurations
 * Level 4.1(3.3) Hexes
 - Level 1.0(0.2) Summonings
   Level 0.8(0.1) Translocations
 * Level 2.1(1.3) Air Magic
 * Level 6.3(5.4) Poison Magic


You had 7 spell levels left.
You knew the following spells:

 Your Spells              Type           Power        Failure   Level  Hunger
a - Slow                  Hex            ###.....     6%          2    ##.....
c - Magic Dart            Conj           ##..         6%          1    None
e - Mephitic Cloud        Conj/Pois/Air  ###.....     14%         3    ###....
f - Call Imp              Summ           #.......     22%         2    ##.....


Dungeon Overview and Level Annotations

Branches:
Dungeon (7/15)
 Temple: D:4-7

Altars:
Dithmenos
Elyvilon
Nemelex Xobeh
Okawaru
Ru
Sif Muna
Trog
Uskayaw
Yredelemnul


Innate Abilities, Weirdness & Mutations

You cannot be hasted, slowed, berserked, paralysed or teleported.
You can dig through walls and to a lower floor.
Your four strong arms can wield two-handed weapons with a shield.
You have a pair of large antennae on your head. (SInv)


Message History

You are lethally poisoned!
The killer bee poisons you! The killer bee barely misses you.
The gnoll closely misses you. The killer bee closely misses you.
The gnoll hits you but does no damage.
The killer bee buzzes angrily.
Found a purple potion, 28 gold pieces and a short sword.
Found a stone staircase leading down.
There is a stone staircase leading up here.
You feel sick.
The killer bee stings you but does no damage. x2
The killer bee stings you. The killer bee barely misses you.
The howler monkey barely misses you. The killer bee stings you.
The gnoll hits you but does no damage. The killer bee barely misses you.
The killer bee stings you!
You die...

#.............
##.............
.....$........
......)......
.$.........#
......y...!+ {
....g.yyy..#
...g.gy@y..+
......gh...#
...........#
##.........#
#.........#
#.........#
#.........#
#.........#


You could see a howler monkey, 6 killer bees and 4 gnolls.

Vanquished Creatures
  An orc warrior (D:6)
  A phantom (D:4)
  A centaur (D:5)
  A big kobold (Sewer)
  A wight (D:6)
  A howler monkey (D:6)
  A hound (D:7)
  2 bullfrog skeletons
  A centaur zombie (D:5)
  2 orc priests (D:6)
  9 orc wizards
  4 worker ants
  A hound zombie (D:5)
  A hound skeleton (D:5)
  3 gnolls (D:6)
  A river rat (Sewer)
  9 adders
  An ooze (D:1)
  An adder zombie (D:7)
  2 worms (D:2)
  3 dart slugs (D:3)
  6 leopard geckos
  22 orcs
  6 bats
  7 giant cockroaches
  8 goblins
  12 hobgoblins
  7 jackals
  2 quokkas
  5 ball pythons
  A frilled lizard (D:5)
  A jackal skeleton (D:5)
  8 kobolds
  A leopard gecko zombie (D:5)
  12 rats
145 creatures vanquished.

Notes
Turn   | Place    | Note
-------+----------+-------------------------------------------
     0 | D:1      | DildoBatman the Formicid Wizard began the quest for the Orb.
     0 | D:1      | Reached XP level 1. HP: 13/13 MP: 4/4
    44 | D:1      | Reached skill level 1 in Conjurations
   172 | D:1      | Reached skill level 1 in Fighting
   172 | D:1      | Reached XP level 2. HP: 16/21 MP: 0/6
   505 | D:1      | Reached XP level 3. HP: 27/27 MP: 4/7
  1153 | D:2      | Reached XP level 4. HP: 28/34 MP: 4/8
  1159 | D:2      | Found a shadowy altar of Dithmenos.
  1200 | D:2      | Found a white marble altar of Elyvilon.
  1670 | D:3      | Found a basalt altar of Yredelemnul.
  1797 | D:3      | Found a deep blue altar of Sif Muna.
  1805 | D:3      | Became a worshipper of Sif Muna the Loreminder
  1809 | D:3      | Learned a level 2 spell: Slow
  1812 | D:3      | Learned a level 2 spell: Call Imp
  1816 | D:3      | Learned a level 3 spell: Mephitic Cloud
  2027 | D:3      | Reached XP level 5. HP: 41/41 MP: 9/9
  2032 | D:3      | Reached skill level 1 in Armour
  2165 | D:2      | Reached skill level 1 in Poison Magic
  2165 | D:2      | Reached XP level 6. HP: 22/47 MP: 0/11
  2295 | D:3      | Reached skill level 1 in Hexes
  2804 | D:4      | Found a hide-covered altar of Uskayaw.
  2845 | D:4      | Reached skill level 1 in Air Magic
  2845 | D:4      | Reached XP level 7. HP: 46/53 MP: 0/12
  2985 | D:4      | Reached skill level 2 in Poison Magic
  3030 | D:4      | Found a glowing drain.
  3090 | D:4      | Reached * piety under Sif Muna
  3092 | Sewer    | Entered a sewer
  3318 | Sewer    | Found a white marble altar of Elyvilon.
  3875 | D:4      | Found a sacrificial altar of Ru.
  3875 | D:4      | Found a bloodstained altar of Trog.
  3912 | D:5      | Entered Level 5 of the Dungeon
  3912 | D:5      | Found an iron altar of Okawaru.
  3918 | D:5      | Got a fine rapier
  3923 | D:5      | Identified the +4 rapier "Ehaof" {freeze, *Contam +Rage rElec MR+} (You found it on level 5 of the Dungeon)
  3994 | D:5      | Found a sparkling altar of Nemelex Xobeh.
  4149 | D:5      | Reached skill level 3 in Poison Magic
  4149 | D:5      | Reached XP level 8. HP: 53/60 MP: 14/14
  4202 | D:5      | Got a brightly glowing garnet amulet
  4204 | D:5      | Identified the amulet of the Median {Harm *Drain rF++ Str+4 Slay-3} (You found it on level 5 of the Dungeon)
  4652 | D:6      | Reached skill level 4 in Poison Magic
  5118 | D:6      | Reached skill level 5 in Poison Magic
  5305 | D:6      | Reached skill level 6 in Poison Magic
  5452 | D:7      | Reached ** piety under Sif Muna
  5522 | D:7      | Slain by a killer bee

Skill      XL: |  1  2  3  4  5  6  7  8 |
---------------+-------------------------+-----
Conjurations   | 1 2 3 |  3.1
Fighting       | 1 2 3 4 |  4.0
Dodging        | 2 |  2.0
Armour         | 1 2 3 |  3.0
Stealth        | 3 4 |  4.1
Poison Magic   | 1 3 6 |  6.3
Hexes          | 1 2 4 |  4.1
Air Magic      | 1 2 |  2.1
Spellcasting   | 4 |  4.1
Summonings     | |  1.0
Translocations | |  0.8

Action                   |  1- 3 |  4- 6 |  7- 9 || total
-------------------------+-------+-------+-------++-------
Melee: Dagger            |    41 |     7 |       ||    48
       Unarmed           |     7 |       |       ||     7
       Short sword       |       |    19 |    21 ||    40
       Staff             |       |     5 |     1 ||     6
       Rapier            |       |       |   140 ||   140
 Fire: Hunting sling     |       |    83 |    59 ||   142
 Cast: Magic Dart        |    77 |   101 |    16 ||   194
       Mephitic Cloud    |       |       |    10 ||    10
       Slow              |       |       |    20 ||    20
 Abil: Dig               |       |     5 |     6 ||    11
  Use: Scroll            |       |       |     2 ||     2
       Potion            |       |       |     2 ||     2
 Stab: Sleeping          |       |       |     2 ||     2
       Confused          |       |       |     3 ||     3
  Eat: Chunk             |     1 |     6 |    11 ||    18
Armor: Robe              |    20 |       |       ||    20
       Ring mail         |       |    48 |    65 ||   113
       Leather armour    |       |     1 |    14 ||    15
Dodge: Dodged            |    39 |    59 |   143 ||   241
